 Dungeon Crawl Stone Soup version 0.30-a0-800-g7c544603b3 (webtiles) character file.

Game seed: 11927549528464383627

39 FallingFreak the Ducker (level 3, -5/25 HPs)
             Began as a Djinni Hedge Wizard on Feb 23, 2023.
             Slain by Natasha (7 damage)
             ... on level 2 of the Dungeon.
             The game lasted 00:05:41 (1899 turns).

FallingFreak the Ducker (Djinni Hedge Wizard)       Turns: 1899, Time: 00:05:42

Health: -5/25      AC:  4    Str:  9    XL:     3   Next: 67%
Gold:   82         EV: 12    Int: 17    God:
                   SH:  0    Dex: 12

rFire   + + .      SeeInvis .    o - +1 dagger (venom)
rCold   x . .      Faith    .    (no shield)
rNeg    . . .      Spirit   .    b - +0 robe
rPois   ∞          Reflect  .    c - +0 hat
rElec   .          Harm     .    (no cloak)
rCorr   .          Rampage  .    j - +1 pair of gloves
Will    .....                    (boots unavailable)
Stlth   ++                       (no amulet)
HPRegen 0.24/turn                (no ring)
MPRegen 0.00/turn                (no ring)

@: flying, very slightly contaminated
A: sickness immunity, fire resistance 2, cold vulnerability 1, float, innate
caster, HP casting, extra vitality 1
a: no special abilities


You were on level 2 of the Dungeon.
You visited 1 branch of the dungeon, and saw 2 of its levels.

You collected 82 gold pieces.

Inventory:

Hand Weapons
 a - a +0 dagger
 f - a +0 short sword
 o - a +1 dagger of venom (weapon)
Missiles
 g - 13 stones (quivered)
 l - 2 throwing nets {!f}
Armour
 b - a +0 robe (worn)
 c - a +0 hat (worn)
 e - a +0 hat
 j - a +1 pair of gloves (worn)
Scrolls
 d - 2 scrolls of brand weapon {unknown}
 k - a scroll of enchant weapon {unknown}
 m - 2 scrolls of identify {unknown}
 n - a scroll of enchant armour {unknown}
Potions
 h - a potion of mutation {unknown}
 i - a potion of curing {unknown}


   Skills:
 + Level 2.9 Dodging
 + Level 2.3 Stealth
 + Level 2.8 Spellcasting


You knew the following spells:

 Your Spells              Type           Power      Damage    Failure   Level
a - Beastly Appendage     Tmut           24%        N/A       5%          1
b - Slow                  Hex            48%        N/A       5%          1
c - Blink                 Tloc           24%        N/A       9%          2
d - Call Imp              Summ           12%        N/A       9%          2
e - Mephitic Cloud        Conj/Pois/Air  12%        N/A       17%         3
Z - Magic Dart            Conj           48%        1d5       5%          1
Your spell library was empty.

Dungeon Overview and Level Annotations

Branches:
Dungeon (2/15) Zot: 10101

Altars:

Shops:
D:1 (

Annotations:
D:2 Natasha


Innate Abilities, Weirdness & Mutations

You are immune to sickness and miasma.
You are immune to poison.
Your flesh is very heat resistant. (rF++)
You are vulnerable to cold. (rC-)
You float through the air rather than walking.
You learn spells naturally, not from books.
Your magical power is your life essence.
You have superior vitality. (+4 MHP)


Message History

Casting: Magic Dart (safe; 5% risk of failure)
Confirm with . or Enter, or press ? or * to list all spells.
Aiming: Magic Dart (safe; 5% risk of failure)
Press: ? - help, Shift-Dir - straight line, f/p - Natasha
Aim: Natasha (moderately wounded, 100% to hit)
You miscast Magic Dart.
You are very lightly contaminated with residual magic.
Nothing appears to happen.
Natasha claws you!
* * * LOW HITPOINT WARNING * * *
Casting: Magic Dart (safe; 5% risk of failure)
Confirm with . or Enter, or press ? or * to list all spells.
Aiming: Magic Dart (safe; 5% risk of failure)
Press: ? - help, Shift-Dir - straight line, f/p - Natasha
Aim: Natasha (moderately wounded, 100% to hit)
The magic dart hits Natasha.
Natasha is severely wounded.
* * * LOW HITPOINT WARNING * * *
Natasha barely misses you.
Unknown command.
Casting: Magic Dart (safe; 5% risk of failure)
Confirm with . or Enter, or press ? or * to list all spells.
Aiming: Magic Dart (safe; 5% risk of failure)
Press: ? - help, Shift-Dir - straight line, f/p - Natasha
Aim: Natasha (severely wounded, 100% to hit)
The magic dart hits Natasha.
Natasha is almost dead.
* * * LOW HITPOINT WARNING * * *
Natasha claws you.
* * * LOW HITPOINT WARNING * * *
Unknown command.
Casting: Magic Dart (safe; 5% risk of failure)
Confirm with . or Enter, or press ? or * to list all spells.
Aiming: Magic Dart (safe; 5% risk of failure)
Press: ? - help, Shift-Dir - straight line, f/p - Natasha
Aim: Natasha (almost dead, 100% to hit)
The magic dart hits Natasha.
Natasha is almost dead.
* * * LOW HITPOINT WARNING * * *
Natasha claws you!
You die...

#.#######.
#.@.......
###h...##.
<)...#
.....#
.....#
..##.# ...
.# ... .


You could see Natasha.

Vanquished Creatures
  2 dart slugs (D:1)
  4 bats
  3 endoplasms (D:1)
  3 giant cockroaches
  A goblin (D:1)
  2 hobgoblins
  4 jackals
  4 kobolds
  2 quokkas (D:1)
  3 ball pythons (D:1)
  A frilled lizard (D:1)
29 creatures vanquished.

Notes
Turn   | Place    | Note
-------+----------+-------------------------------------------
     0 | D:1      | FallingFreak the Djinni Hedge Wizard began the quest for
                  | the Orb.
     0 | D:1      | FallingFreak set off with the following spells memorised:
                  | Magic Dart, Slow, Blink, Call Imp, Mephitic Cloud.
     0 | D:1      | Reached XP level 1. HP: 15/15 MP: 0/0
    44 | D:1      | You miscast Magic Dart.
    77 | D:1      | You miscast Magic Dart.
    80 | D:1      | You miscast Magic Dart.
   198 | D:1      | You miscast Magic Dart.
   465 | D:1      | Reached XP level 2. HP: 19/21 MP: 0/0
   656 | D:1      | You miscast Magic Dart.
   749 | D:1      | Found Orphous's Weapon Boutique.
   752 | D:1      | You miscast Magic Dart.
   945 | D:1      | You miscast Magic Dart.
   948 | D:1      | You miscast Magic Dart.
   949 | D:1      | You miscast Magic Dart.
   951 | D:1      | Increase (s)trength, (i)ntelligence, or (d)exterity?
   951 | D:1      | Reached XP level 3. HP: 3/25 MP: 0/0
   951 | D:1      | Learned a level 1 spell: Beastly Appendage
  1810 | D:2      | You miscast Magic Dart.
  1886 | D:2      | You miscast Magic Dart.
  1890 | D:2      | Noticed Natasha
  1896 | D:2      | You miscast Magic Dart.
  1899 | D:2      | Slain by Natasha

Illustrated notes

Levels and vault maps discovered:
D:1:      nzn_arrival_depleted_hourglass, layout_loops_corners, serial_shops,
          shop
D:2:      kennysheep_big_flooded_room, layout_basic, serial_shops, shop,
          uniq_natasha

Skill      XL: |  1  2 |
---------------+-------+-----
Stealth        | 2 |  2.3
Dodging        | |  2.9
Spellcasting   | |  2.8

Action                     || total
---------------------------++-------
  Melee: Short sword       ||     8
   Cast: Magic Dart        ||    99
 Armour: Robe              ||    14
  Dodge: Dodged            ||    25

Table legend: (Time is in decaauts)
 A = Elapsed time spent in this place.
 B = Non-inter-level travel time spent in this place.
 C = Inter-level travel time spent in this place.
 D = Time resting spent in this place.
 E = Time spent auto-exploring this place.
 F = Levels seen in this place.
 G = Mean time per level.
                   A        B        C        D        E       F      G
               +--------+--------+--------+--------+--------+-----+--------+
         Total |   1897 |   1855 |     42 |    627 |   1024 |   2 |  948.5 |
       Dungeon |   1897 |   1855 |     42 |    627 |   1024 |   2 |  948.5 |
               +--------+--------+--------+--------+--------+-----+--------+

Top non-repeatable levels by time:
     D:1: 1554 daAuts
     D:2: 343 daAuts
